 Dungeon Crawl Stone Soup version 0.24-a0-201-gf205589 (console) character file.

Game seed: 4923626282784109777

1344 bli the Cleaver (level 8, 0/63 HPs)
             Began as a Yellow Draconian Wanderer on Mar 25, 2019.
             Was a Priest of Wu Jian.
             Blown up by Pikel (13 damage)
             ... with a wand of disintegration (12)
             ... on level 6 of the Dungeon.
             The game lasted 00:21:18 (4590 turns).

bli the Cleaver (Yellow Draconian Wanderer)         Turns: 4590, Time: 00:21:19

Health: 0/63       AC:  8    Str: 15    XL:     8   Next: 36%
Magic:  12/12      EV: 12    Int: 14    God:    Wu Jian [***...]
Gold:   506        SH:  0    Dex: 11    Spells: 11/13 levels left

rFire    . . .     SeeInvis .   a - +3 war axe
rCold    . . .     Gourm    .   (no shield)
rNeg     . . .     Faith    .   (armour unavailable)
rPois    .         Spirit   .   (helmet restricted)
rElec    .         Reflect  .   (no cloak)
rCorr    +         Harm     .   j - +1 pair of gloves
MR       +....                  (no boots)
Stlth    +++.......             (no amulet)
HPRegen  0.20/turn              h - ring of protection from magic
MPRegen  0.13/turn              F - ring of stealth

@: no status effects
A: spit acid, unfitting armour, cold-blooded, acid resistance, AC +6
a: Breathe Acid, Wall Jump, Serpent's Lash, Renounce Religion


You were on level 6 of the Dungeon.
You worshipped Wu Jian.
Wu Jian was most pleased with you.
You were not hungry.

You visited 1 branch of the dungeon, and saw 6 of its levels.
You also visited: Ossuary.

You collected 506 gold pieces.

Inventory:

Hand Weapons
 a - a +3 war axe (weapon)
 b - a +2 whip of holy wrath
 g - a +0 hunting sling
 n - a +2 hand axe
 t - a +0 blowgun
 J - a +0 battleaxe
Missiles
 e - 158 stones (quivered)
 r - 2 throwing nets
 s - 12 poisoned needles
 A - 11 tomahawks
 D - 20 sling bullets
Armour
 j - a +1 pair of gloves (worn)
Jewellery
 h - a ring of protection from magic (left hand)
 w - an uncursed ring of flight
 F - a ring of stealth (right hand)
Wands
 y - a wand of polymorph (16)
 B - a wand of iceblast (19)
 G - a wand of scattershot (3)
Scrolls
 c - 6 scrolls of identify {unknown}
 f - 3 scrolls of remove curse {unknown}
 k - 5 scrolls of enchant weapon {unknown}
 p - 3 scrolls of amnesia {unknown}
 q - a scroll of immolation {unknown}
 u - a scroll of fear {unknown}
 v - 2 scrolls of teleportation {unknown}
 x - a scroll of enchant armour {unknown}
 z - a scroll of magic mapping {unknown}
Potions
 i - 3 potions of curing
 l - a potion of haste {unknown}
 m - a potion of agility {unknown}
 o - 2 potions of brilliance {unknown}
 C - a potion of lignification {unknown}
 E - a potion of heal wounds {unknown}
 H - a potion of degeneration {unknown}
Comestibles
 d - 9 rations
 I - a chunk of flesh


   Skills:
 + Level 3.1 Fighting
 * Level 8.8 Axes
 * Level 2.2 Dodging
 + Level 1.6 Stealth
   Level 1.0 Shields
 + Level 3.2 Spellcasting
 + Level 2.2 Conjurations
 + Level 2.7 Ice Magic


You had 11 spell levels left.
You knew the following spells:

 Your Spells              Type           Power        Failure   Level  Hunger
a - Throw Frost           Conj/Ice       #.....       11%         2    ##.....

Your spell library contained the following spells:

 Spells                   Type           Power        Failure   Level  Hunger
 Ensorcelled Hibernation  Hex/Ice        #.....       19%         2    ##.....


Dungeon Overview and Level Annotations

Branches:
Dungeon (6/15)             Temple (0/1) D:6

Altars:
Hepliaklqana
Makhleb
Okawaru
Trog
Uskayaw
Wu Jian
Xom
Zin

Annotations:
D:6 Pikel


Innate Abilities, Weirdness & Mutations

You can spit globs of acid.
Your golden yellow scales are hard. (AC +6)
You cannot fit into any form of body armour.
You are cold-blooded and may be slowed by cold attacks.
You are resistant to acid. (rCorr)


Message History

The slave hits you. The slave hits you but does no damage.
You spin and attack Pikel.
You slash Pikel!
Pikel is moderately wounded.
Pikel hits you with a +1 whip of flaming.
Pikel burns you.
* * * LOW HITPOINT WARNING * * *
You spin and attack Pikel.
You barely miss Pikel.
Pikel is moderately wounded.
Pikel hits you with a +1 whip of flaming.
* * * LOW HITPOINT WARNING * * *
Pikel burns you.
* * * LOW HITPOINT WARNING * * *
You spin and attack Pikel.
You hit Pikel but do no damage.
Pikel is moderately wounded.
You spin to attack the slave, but your attack speed is too slow for a blow to land.
The slave barely misses you. Pikel closely misses you.
The slave hits you but does no damage.
You spin and attack Pikel.
You barely miss Pikel.
Pikel is moderately wounded.
You spin and attack the slave.
You miss the slave.
Pikel zaps a wand.
You are blasted!
You die...

#. #### #.# #... #.#
###.#.## ######.##
..._...###.......###
...#.#.p.p..........##
.......@K............#
#......pp.........##.#
#..................#.#
##.##.....####.....#.##
# #...≈≈§ .#######..##
#..≈§§≈≈............
#.≈§§§§≈§#####.#....
#.≈§≈>§§≈# #.###.# ##≈§
##'###'# #.......
#.......


You could see Pikel (pinned) and 4 slaves.

Vanquished Creatures
  An ice beast (D:5)
  An orc warrior (D:6)
  2 ogres
  3 howler monkeys
  2 crimson imps
  2 hounds
  3 orc wizards
  A human zombie (Ossuary)
  A jelly (D:5)
  2 iguanas
  3 orc priests
  Natasha (thrice) (D:3)
  A worker ant (D:4)
  2 big kobold zombies (Ossuary)
  2 mummies (Ossuary)
  Robin (D:3)
  9 adders
  5 gnolls
  2 shadow imps (D:5)
  2 oozes
  An adder skeleton (D:5)
  3 worms
  2 dart slugs
  4 leopard geckos
  16 orcs
  9 bats
  3 giant cockroaches
  A gnoll zombie (Ossuary)
  12 goblins
  5 hobgoblins
  7 jackals (D:4)
  6 kobolds
  A quokka (D:3)
  5 frilled lizards
  6 goblin zombies (Ossuary)
  A hobgoblin zombie (Ossuary)
  A leopard gecko skeleton (D:4)
  3 orc zombies (Ossuary)
  3 quokka skeletons
  8 rats
145 creatures vanquished.

Notes
Turn   | Place    | Note
-------+----------+-------------------------------------------
     0 | D:1      | bli the Draconian Wanderer began the quest for the Orb.
     0 | D:1      | bli set off with the following items: a +2 hand axe, a
                  | potion of curing, a ration; and the following spells
                  | available to memorise: Throw Frost, Ensorcelled Hibernation
     0 | D:1      | Reached XP level 1. HP: 16/16 MP: 2/2
   610 | D:1      | Reached XP level 2. HP: 23/23 MP: 4/4
   633 | D:1      | Learned a level 2 spell: Throw Frost
   839 | D:2      | Reached XP level 3. HP: 22/28 MP: 2/5
  1070 | D:2      | Reached skill level 1 in Dodging
  1184 | D:2      | Reached XP level 4. HP: 36/36 MP: 6/6
  1410 | D:2      | Reached skill level 5 in Axes
  1491 | D:2      | Found a burning altar of Makhleb.
  1502 | D:2      | Reached XP level 5. HP: 38/41 MP: 1/7
  1611 | D:3      | Found a faded altar of an unknown god.
  1628 | D:3      | Became a worshipper of the Wu Jian Council
  1628 | D:3      | Reached * piety under Wu Jian
  1703 | D:3      | Found a glowing silver altar of Zin.
  2128 | D:3      | Noticed Natasha
  2135 | D:3      | Killed Natasha
  2231 | D:3      | Noticed Robin
  2242 | D:3      | Killed Robin
  2316 | D:3      | Noticed Natasha
  2327 | D:3      | Killed Natasha
  2335 | D:3      | Reached XP level 6. HP: 16/48 MP: 3/9
  2504 | D:3      | Noticed Natasha
  2507 | D:3      | Killed Natasha
  2603 | D:4      | Found a hazy altar of Hepliaklqana.
  2616 | D:4      | Reached ** piety under Wu Jian
  2643 | D:4      | Reached skill level 6 in Axes
  2716 | D:4      | Found an iron altar of Okawaru.
  2845 | D:4      | Found a sand-covered staircase.
  2849 | Ossuary  | Entered an ossuary
  3179 | Ossuary  | Your scales start taking on a golden yellow colour.
  3179 | Ossuary  | Reached XP level 7. HP: 18/56 MP: 10/10
  3179 | Ossuary  | Gained mutation: You are resistant to acid. (rCorr) [Yellow
                  | Draconian growth]
  3423 | D:4      | Found a bloodstained altar of Trog.
  3552 | D:4      | Reached *** piety under Wu Jian
  3650 | D:5      | Entered Level 5 of the Dungeon
  3657 | D:5      | Reached skill level 7 in Axes
  3988 | D:5      | Reached skill level 8 in Axes
  4033 | D:5      | Reached XP level 8. HP: 58/62 MP: 7/12
  4330 | D:5      | Found a hide-covered altar of Uskayaw.
  4582 | D:6      | Noticed Pikel
  4584 | D:6      | Found a shimmering altar of Xom.
  4585 | D:6      | Found a staircase to the Ecumenical Temple.
  4590 | D:6      | Blown up by Pikel

Levels and vault maps discovered:
D:1:      scummos_arrival_star, layout_basic, chequers_jeans
D:2:      minmay_razor_zed, layout_rooms, makhleb_grotto_becter, first_ration
D:3:      layout_loops_corners, nicolae_overflow_crystal_walls,
          chequers_ecumenical_altar_island, uniq_natasha, uniq_robin
D:4:      layout_rooms, overflow_temple_1_default, okawaru_gym_becter,
          overflow_temple_1_default, nicolae_ossuary_entry_plus,
          cheibrodos_sewer_entry_drain
D:5:      layout_loops_ring, kennysheep_little_box
D:6:      kennysheep_kobold_camp, layout_basic, kennysheep_mini,
          kennysheep_mini_moat, lemuel_crystal_altar, minmay_temple_entry_mist,
          uniq_pikel
Ossuary:  minmay_ossuary_gauntlet

Skill      XL: |  1  2  3  4  5  6  7  8 |
---------------+-------------------------+-----
Dodging        | 1 2 |  2.2
Axes           | 5 6 8 |  8.8
Fighting       | 2 3 |  3.1
Spellcasting   | 2 3 |  3.2
Ice Magic      | 2 |  2.7
Conjurations   | 2 |  2.2
Stealth        | |  1.6
Shields        | |  1.0

Action                   |  1- 3 |  4- 6 |  7- 9 || total
-------------------------+-------+-------+-------++-------
Melee: Hand axe          |    64 |       |       ||    64
       Tailslap          |     8 |    19 |    12 ||    39
       War axe           |     3 |   160 |   135 ||   298
 Cast: Throw Frost       |     9 |    34 |    23 ||    66
Invok: Whirlwind         |       |    14 |    27 ||    41
       Lunge             |       |     7 |    20 ||    27
 Stab: Sleeping          |       |     2 |     1 ||     3
       Distracted        |       |       |     1 ||     1
  Eat: Chunk             |     2 |     9 |     7 ||    18
Armor: Skin              |    16 |    48 |    37 ||   101
Dodge: Dodged            |    32 |    99 |    51 ||   182

Table legend:
 A = Non-vault XP
 B = Vault XP
 C = Vault XP percentage of total XP
 D = Non-vault monster count
 E = Vault monster count
 F = Vault count percentage of total count
                 A         B        C        D         E       F
            +---------+---------+-------+---------+---------+-------
      Total |    1613 |     308 |  16.0 |     104 |      41 |  28.3
            +---------+---------+-------+---------+---------+-------
        D:1 |      31 |       0 |   0.0 |      12 |       0 |   0.0
        D:2 |      77 |     103 |  57.2 |      18 |      15 |  45.5
        D:3 |     157 |      62 |  28.3 |      20 |       8 |  28.6
        D:4 |     274 |       2 |   0.7 |      24 |       2 |   7.7
        D:5 |     636 |       0 |   0.0 |      23 |       0 |   0.0
        D:6 |     438 |       0 |   0.0 |       7 |       0 |   0.0
    Ossuary |       0 |     141 | 100.0 |       0 |      16 | 100.0
            +---------+---------+-------+---------+---------+-------
